 Dungeon Crawl Stone Soup version 0.30-a0-241-g1121274140 (webtiles) character file.

Game seed: 12367149145393841212

144 miroshn11 the Chopper (level 5, -3/42 HPs)
             Began as a Human Berserker on Oct 11, 2022.
             Was a Priest of Trog.
             Killed by divine providence
             ... invoked by an orc priest
              (9 damage)
             ... on level 4 of the Dungeon.
             The game lasted 00:28:55 (2562 turns).

miroshn11 the Chopper (Human Berserker)             Turns: 2562, Time: 00:28:56

Health: -3/42      AC: 10    Str: 19    XL:     5   Next: 52%
Magic:  5/5        EV: 10    Int:  8    God:    Trog [***...]
Gold:   41         SH:  0    Dex: 12    Spells: 4/4 levels left

rFire   . . .      SeeInvis .    a - +0 hand axe
rCold   . . .      Faith    +    (no shield)
rNeg    . . .      Spirit   .    n - +0 scale mail
rPois   .          Reflect  .    e - +2 helmet
rElec   .          Harm     .    (no cloak)
rCorr   .          Rampage  .    (no gloves)
Will    .....                    m - +0 pair of boots
Stlth   ..........               g - amulet of faith
HPRegen 0.27/turn                (no ring)
MPRegen 0.09/turn                (no ring)

@: no status effects
A: no striking features
a: Renounce Religion, Berserk, Trog's Hand


You were on level 4 of the Dungeon.
You worshipped Trog.
Trog was most pleased with you.
You visited 1 branch of the dungeon, and saw 4 of its levels.

You collected 101 gold pieces.
You spent 60 gold pieces at shops.

Inventory:

Hand Weapons
 a - a +0 hand axe (weapon)
 c - a +0 dagger
 k - a +0 sling
Missiles
 j - 23 stones (quivered)
Armour
 e - a +2 helmet (worn)
 m - a +0 pair of boots (worn)
 n - a +0 scale mail (worn)
Jewellery
 f - a +6 ring of intelligence
 g - an amulet of faith (around neck)
Scrolls
 o - a scroll of immolation {unknown}
Potions
 b - a potion of haste {unknown}
 d - 2 potions of curing
 h - a potion of mutation
 i - a potion of brilliance {unknown}
 l - a potion of heal wounds
 p - a potion of ambrosia {unknown}


   Skills:
 + Level 3.9 Fighting
 + Level 4.3 Axes
 + Level 2.2 Armour
 + Level 2.8 Dodging
 + Level 1.0 Stealth


You had 4 spell levels left.
You didn't know any spells.
Your spell library contained the following spells:

 Spells                   Type           Power      Damage    Failure   Level
 Leda's Liquefaction      Hex/Erth       0%         N/A       100%        4
 Lee's Rapid Deconstruct  Erth           0%         3d5*      100%        5
 Statue Form              Tmut/Erth      0%         N/A       100%        6


Dungeon Overview and Level Annotations

Branches:
Dungeon (4/15)
 Temple: D:4-7

Altars:
Makhleb

Shops:
D:4 !


Message History

a +0 dagger; a goblin corpse
Found a stone staircase leading down.
p - a grey potion
j - 23 stones (gained 2)
Found a leather armour.
An ogre and a giant cockroach come into view.
The ogre shouts!
A worm comes into view.
An orc priest comes into view. It is wielding a +0 club.
The orc priest shouts!
You hear a shout!
The giant cockroach attacks as you move away!
The giant cockroach bites you but does no damage.
You hit the giant cockroach.
The giant cockroach is almost dead.
The giant cockroach bites you but does no damage.
An orc comes into view. It is wielding a +0 hand axe.
The giant cockroach barely misses you.
You closely miss the giant cockroach.
The giant cockroach is almost dead.
You hit the ogre. The ogre hits you with a +0 giant club.
The giant cockroach bites you but does no damage.
The giant cockroach attacks as you move away!
The giant cockroach completely misses you.
The ogre attacks as you move away! The ogre hits you with a +0 giant club!
An orc priest comes into view. It is wielding a +0 club.
The giant cockroach barely misses you.
The giant cockroach attacks as you move away!
The giant cockroach barely misses you.
The giant cockroach waves its antennae.
The orc priest invokes the aid of Beogh against you.
Beogh smites you!
* * * LOW HITPOINT WARNING * * *
The orc priest casts a cantrip, but nothing happens.
The giant cockroach bites you but does no damage.
You hit the giant cockroach.
You kill the giant cockroach!
Trog accepts your kill.
The orc priest calls down the wrath of Beogh upon you.
Beogh smites you!
You die...

##. #......# #.....>..##...
#.....######...o.........
#...................#....
....##................#....
....#..####)..........#....
###.... #.......(.........
#..... #..O....w.........
#......#....o.o..........
#.#.....@########........
#.....#...# #........ ...#
#....# #........ .. #......
#..#..[... #..##...
#.###..... #.## ##...#
#..... .. ... ##.... .. ...
##.# #.


You could see an ogre, a worm, 2 orc priests and an orc.

Vanquished Creatures
  Terence (D:2)
  Robin (D:3)
  2 adders (D:3)
  An ufetubus (D:3)
  3 worms (D:2)
  2 dart slugs (D:2)
  A ball python (D:1)
  6 bats
  6 endoplasms
  3 giant cockroaches
  16 goblins
  9 hobgoblins
  5 jackals
  2 quokkas (D:1)
  4 frilled lizards
  3 rats
65 creatures vanquished.

Notes
Turn   | Place    | Note
-------+----------+-------------------------------------------
     0 | D:1      | miroshn11 the Human Berserker began the quest for the Orb.
     0 | D:1      | Reached XP level 1. HP: 18/18 MP: 1/1
   126 | D:1      | Reached XP level 2. HP: 24/24 MP: 2/2
   311 | D:1      | Reached XP level 3. HP: 29/29 MP: 3/3
   455 | D:1      | Reached ** piety under Trog
  1089 | D:2      | Reached XP level 4. HP: 21/36 MP: 4/4
  1206 | D:3      | Noticed Robin
  1284 | D:3      | Killed Robin
  1348 | D:2      | Noticed Terence
  1379 | D:2      | Killed Terence
  1380 | D:2      | Reached skill level 4 in Axes
  1380 | D:2      | Reached skill level 1 in Stealth
  1380 | D:2      | Reached XP level 5. HP: 14/42 MP: 5/5
  2049 | D:2      | Reached *** piety under Trog
  2302 | D:3      | Found a burning altar of Makhleb.
  2447 | D:4      | Found Quynwor's Distillery.
  2459 | D:4      | Bought a potion of heal wounds for 60 gold pieces
  2545 | D:4      | Noticed an ogre
  2562 | D:4      | Killed from afar by an orc priest

Illustrated notes

Levels and vault maps discovered:
D:1:      minmay_arrival_jagged, layout_basic
D:2:      layout_loops_cross, uniq_terence
D:3:      layout_basic, old_standard_altar, overflow_temple_1_default,
          kennysheep_cross_bottleneck, uniq_robin, uniq_natasha
D:4:      layout_layer_cave, portal_sewer_entry_b, nicolae_stop_n_shop_2

Skill      XL: |  1  2  3  4 |
---------------+-------------+-----
Axes           | 4 |  4.3
Stealth        | 1 |  1.0
Fighting       | |  3.9
Armour         | |  2.2
Dodging        | |  2.8

Action                   |  1- 3 |  4- 6 || total
-------------------------+-------+-------++-------
Melee: Hand axe          |   109 |   129 ||   238
       Punch             |     1 |     1 ||     2
Throw: Stone             |       |     1 ||     1
  Use: Scroll            |       |     5 ||     5
 Stab: Sleeping          |     2 |       ||     2
Armor: Animal skin       |    27 |    21 ||    48
       Scale mail        |       |    35 ||    35
Dodge: Dodged            |    58 |    74 ||   132

Table legend: (Time is in decaauts)
 A = Elapsed time spent in this place.
 B = Non-inter-level travel time spent in this place.
 C = Inter-level travel time spent in this place.
 D = Time resting spent in this place.
 E = Time spent auto-exploring this place.
 F = Levels seen in this place.
 G = Mean time per level.
                   A        B        C        D        E       F      G
               +--------+--------+--------+--------+--------+-----+--------+
         Total |   2594 |   2524 |     70 |    433 |   1164 |   4 |  648.5 |
       Dungeon |   2594 |   2524 |     70 |    433 |   1164 |   4 |  648.5 |
               +--------+--------+--------+--------+--------+-----+--------+

Top non-repeatable levels by time:
     D:2: 1092 daAuts
     D:1: 968 daAuts
     D:3: 388 daAuts
     D:4: 144 daAuts
